 Dungeon Crawl Stone Soup version 0.30-a0-540-g0af01429fa (webtiles) character file.

Game seed: 504566517944580701

76 Armakuni the Conjurer (level 4, -1/33 HPs)
             Began as a Human Wanderer on Dec 25, 2022.
             Slain by an orc
             ... wielding a +0 short sword
              (3 damage)
             ... on level 3 of the Dungeon.
             The game lasted 00:06:18 (1558 turns).

Armakuni the Conjurer (Human Wanderer)              Turns: 1558, Time: 00:06:19

Health: -1/33      AC:  4    Str: 18 (19) XL:     4   Next: 57%
Magic:  5/5        EV: 11    Int: 11 (13) God:
Gold:   129        SH:  4    Dex: 12 (15) Spells: 4/5 levels left

rFire   + . .      SeeInvis .    a - +2 rapier (drain)
rCold   . . .      Faith    .    b - +0 buckler
rNeg    . . .      Spirit   .    j - +1 leather armour "Caosi" {Drain +Inv rElec rPois}
rPois   +          Reflect  .    (no helmet)
rElec   +          Harm     .    (no cloak)
rCorr   .          Rampage  .    (no gloves)
Will    .....                    (no boots)
Stlth   +                        (no amulet)
HPRegen 0.25/turn                F - ring of protection from fire
MPRegen 0.09/turn                D - +6 ring of dexterity

@: flying
A: electricity resistance, strong 1
a: Evoke Invisibility


You were on level 3 of the Dungeon.
You visited 1 branch of the dungeon, and saw 3 of its levels.

You collected 129 gold pieces.

Inventory:

Hand Weapons
 a - a +2 rapier of draining (weapon)
 i - a +1 dagger of electrocution
Missiles
 h - 6 poisoned darts
 n - 2 curare-tipped darts
Armour
 b - a +0 buckler (worn)
 j - the +1 leather armour "Caosi" (worn) {Drain +Inv rElec rPois}
   (You found it on level 2 of the Dungeon)

   rElec:     It insulates you from electricity.
   rPois:     It protects you from poison.
   +Inv:      It lets you turn invisible.
   Drain:     It drains your maximum health when unequipped.
Jewellery
 D - a +6 ring of dexterity (right hand)
 F - a ring of protection from fire (left hand)
Scrolls
 d - a scroll of identify
 p - 2 scrolls of magic mapping
Potions
 c - a potion of brilliance
 f - a potion of cancellation
 m - a potion of lignification {unknown}
 o - a potion of might {unknown}


   Skills:
 - Level 2.3 Fighting
 + Level 1.0 Short Blades
 - Level 2.0 Axes
 - Level 1.6 Armour
 - Level 2.0 Dodging
 - Level 2.0 Shields
 - Level 1.0 Spellcasting
 - Level 4.0 Conjurations


You had 4 spell levels left.
You knew the following spells:

 Your Spells              Type           Power      Damage    Failure   Level
a - Shock                 Conj/Air       16%        1d4       22%         1

Your spell library contained the following spells:

 Spells                   Type           Power      Damage    Failure   Level
 Foxfire                  Conj/Fire      16%        2x1d4     22%         1
 Stone Arrow              Conj/Erth      8%         3d7       56%         3
 Fireball                 Conj/Fire      2%         3d4       99%         5
 Starburst                Conj/Fire      2%         6d3       100%        6


Dungeon Overview and Level Annotations

Branches:
Dungeon (3/15)

Altars:
Nemelex Xobeh


Innate Abilities, Weirdness & Mutations

You are resistant to electric shocks. (rElec)
Your muscles are strong. (Str +4, Int/Dex -1)


Message History

The hobgoblin attacks as you move away! The hobgoblin hits you.
You block the bat's attack.
Your surroundings suddenly seem different. 2 jackals, an orc and a goblin come into view.
The goblin shouts!
The jackal barks!
The goblin unwields a +0 dagger.
The goblin wields a +0 sling.
The goblin shoots a sling bullet.
You block the sling bullet.
The jackal barks!
The goblin shoots a sling bullet.
The sling bullet misses you. You block the jackal's attack.
The jackal attacks as you move away! The jackal bites you.
* * * LOW HITPOINT WARNING * * *
The goblin unwields a +0 sling.
The goblin wields a +0 dagger.
The goblin hits you with a +0 dagger.
* * * LOW HITPOINT WARNING * * *
You closely miss the goblin. You block the goblin's attack.
You barely miss the goblin. The jackal misses you.
The jackal barely misses you. The goblin hits you but does no damage.
The jackal bites you.
* * * LOW HITPOINT WARNING * * *
The jackal barely misses you.
You closely miss the goblin. The goblin hits you but does no damage.
You block the jackal's attack. The jackal completely misses you.
You block the orc's attack. The goblin completely misses you.
The jackal bites you but does no damage.
The jackal completely misses you.
Okay, then.
It was a potion of mutation.
You feel extremely strange.
You feel insulated.
You feel stronger. The orc hits you with a +0 short sword.
* * * LOW HITPOINT WARNING * * *
You block the jackal's attack. The jackal misses you.
The goblin barely misses you.
It was a potion of flight.
You feel very buoyant.
You fly up into the air.
The jackal bites you.
* * * LOW HITPOINT WARNING * * *
The jackal bites you but does no damage.
The orc hits you with a +0 short sword.
You die...

.....#.# ###.######
######............##
...................##
#####...............#
# ...............#
..............#
.............#
......hho..#
.......@..##
...#...g.## ##
#######


You could see an orc, 2 jackals and a goblin.

Vanquished Creatures
  3 gnolls (D:2)
  A shadow imp (D:3)
  2 dart slugs
  An orc (D:3)
  A ball python (D:2)
  3 bats
  An endoplasm (D:2)
  5 giant cockroaches
  4 goblins
  A hobgoblin (D:1)
  3 jackals (D:1)
  2 kobolds
  A quokka (D:2)
  2 frilled lizards
  4 rats
34 creatures vanquished.

Notes
Turn   | Place    | Note
-------+----------+-------------------------------------------
     0 | D:1      | Armakuni the Human Wanderer began the quest for the Orb.
     0 | D:1      | Armakuni set off with the following items: a +0 war axe, a
                  | +0 buckler, a potion of brilliance, a +0 robe; and the
                  | following spell memorised: Shock; and the following spells
                  | available to memorise: Stone Arrow.
     0 | D:1      | Reached XP level 1. HP: 13/13 MP: 2/2
    68 | D:1      | Reached skill level 1 in Fighting
    68 | D:1      | Reached XP level 2. HP: 18/21 MP: 3/3
   107 | D:1      | Reached skill level 1 in Short Blades
   497 | D:1      | Reached XP level 3. HP: 23/26 MP: 4/4
   764 | D:2      | Identified the +1 leather armour "Caosi" {Drain +Inv rElec
                  | rPois}
  1051 | D:2      | Reached skill level 1 in Armour
  1066 | D:2      | Reached XP level 4. HP: 13/33 MP: 5/5
  1455 | D:3      | Found a faded altar of an unknown god.
  1480 | D:3      | Found a sparkling altar of Nemelex Xobeh.
  1557 | D:3      | Gained mutation: You are resistant to electric shocks.
                  | (rElec) [potion of mutation]
  1557 | D:3      | Gained mutation: Your muscles are strong. (Str +4, Int/Dex
                  | -1) [potion of mutation]
  1558 | D:3      | Slain by an orc

Illustrated notes

Levels and vault maps discovered:
D:1:      evilmike_arrival_crescent, layout_loops_cross
D:2:      layout_rooms, kennysheep_generic_room_10
D:3:      layout_rooms, amcnicky_altar_gilded, nicolae_ecumenical_oubliette,
          st_stairs_12, roderic_batcave

Skill      XL: |  1  2  3  4 |
---------------+-------------+-----
Fighting       | 1 2 |  2.3
Short Blades   | 1 |  1.0
Armour         | 1 |  1.6
Dodging        | 2 |  2.0
Axes           | |  2.0
Shields        | |  2.0
Spellcasting   | |  1.0
Conjurations   | |  4.0

Action                   |  1- 3 |  4- 6 || total
-------------------------+-------+-------++-------
Melee: Dagger            |    84 |    30 ||   114
       War axe           |     1 |       ||     1
       Rapier            |       |    12 ||    12
  Use: Scroll            |     6 |     2 ||     8
       Potion            |     1 |     3 ||     4
Armor: Ring mail         |    21 |       ||    21
       Leather armour    |     3 |    26 ||    29
Dodge: Dodged            |    35 |    45 ||    80
Block: Buckler           |    14 |    11 ||    25

Table legend: (Time is in decaauts)
 A = Elapsed time spent in this place.
 B = Non-inter-level travel time spent in this place.
 C = Inter-level travel time spent in this place.
 D = Time resting spent in this place.
 E = Time spent auto-exploring this place.
 F = Levels seen in this place.
 G = Mean time per level.
                   A        B        C        D        E       F      G
               +--------+--------+--------+--------+--------+-----+--------+
         Total |   1560 |   1481 |     79 |    184 |    829 |   3 |  520.0 |
       Dungeon |   1560 |   1481 |     79 |    184 |    829 |   3 |  520.0 |
               +--------+--------+--------+--------+--------+-----+--------+

Top non-repeatable levels by time:
     D:1: 759 daAuts
     D:2: 570 daAuts
     D:3: 230 daAuts
